 Dungeon Crawl Stone Soup version 0.27.1-33-g824d729ab1 (webtiles) character file.

Game seed: 13630279230422661675

2966 zeram the Thaumaturge (level 9, -3/39 HPs)
             Began as a Spriggan Conjurer on Dec 7, 2021.
             Was an Initiate of Gozag.
             Slain by a killer bee (7 damage)
             ... on level 7 of the Dungeon.
             The game lasted 00:19:23 (9829 turns).

zeram the Thaumaturge (Spriggan Conjurer)           Turns: 9829, Time: 00:19:24

Health: -3/39      AC:  4    Str:  3    XL:     9   Next: 52%
Magic:  26/26      EV: 20    Int: 23    God:    Gozag
Gold:   675        SH:  0    Dex: 13    Spells: 17/33 levels left

rFire    . . .     SeeInvis +   f - +6 dagger
rCold    . . .     Faith    .   (shield restricted)
rNeg     + . .     Spirit   .   q - +0 robe {Will+}
rPois    .         Reflect  .   (helmet restricted)
rElec    .         Harm     .   m - +1 cloak
rCorr    .         Rampage  .   (gloves unavailable)
Will     ++...                  (boots unavailable)
Stlth    ++........             (no amulet)
HPRegen  0.13/turn              h - ring of positive energy
MPRegen  0.20/turn              (no ring)

@: very quick
A: very small, no large weapons, unfitting armour, see invisible, speed 3
a: Renounce Religion, Potion Petition, Call Merchant, Bribe Branch


You were on level 7 of the Dungeon.
You worshipped Gozag.
Gozag was pleased with you.
You visited 2 branches of the dungeon, and saw 8 of its levels.
You also visited: Ossuary.

You collected 839 gold pieces.
You spent 45 gold pieces at shops.
You paid 119 gold pieces to Gozag.

Inventory:

Hand Weapons
 c - a +0 dagger
 d - a +2 dagger of speed
 f - a +6 dagger (weapon)
 i - a +1 dagger of protection
Missiles
 r - 2 throwing nets
Armour
 a - a +0 robe
 m - a +1 cloak (worn)
 q - a +0 robe of willpower (worn)
Jewellery
 h - a ring of positive energy (left hand)
Wands
 l - a wand of digging (6)
 p - a wand of acid (11)
 t - a wand of flame (51)
Potions
 b - a potion of degeneration {unknown}
 e - 2 potions of resistance
 g - 3 potions of heal wounds
 j - a potion of cancellation
 k - 4 potions of curing
 n - 2 potions of brilliance
 o - a potion of haste {unknown}
 s - a potion of ambrosia {unknown}
 u - 3 potions of mutation {unknown}
 v - 3 potions of attraction {unknown}
 w - 2 potions of might {unknown}
 x - a potion of lignification {unknown}
 A - 2 potions of berserk rage {unknown}


   Skills:
 - Level 0.1 Short Blades
 * Level 7.8 Dodging
 - Level 3.0 Stealth
 * Level 12.5 Spellcasting
 - Level 5.3 Conjurations


You had 17 spell levels left.
You knew the following spells:

 Your Spells              Type           Power      Damage    Failure   Level
a - Magic Dart            Conj           100%       1d8       1%          1
b - Searing Ray           Conj           78%        3d6       1%          2
c - Vampiric Draining     Necr           7%         2d7       13%         3
d - Invisibility          Hex            7%         N/A       100%        6
e - Cause Fear            Hex            7%         N/A       41%         4

Your spell library contained the following spells:

 Spells                   Type           Power      Damage    Failure   Level
 Foxfire                  Conj/Fire      100%       2x1d9     1%          1
 Apportation              Tloc           28%        N/A       4%          1
 Conjure Flame            Conj/Fire      26%        6-21      4%          3
 Dazzling Flash           Conj/Hex       52%        N/A       4%          3
 Slow                     Hex            14%        N/A       7%          2
 Confusing Touch          Hex            14%        N/A       13%         3
 Gell's Gravitas          Tloc           7%         N/A       13%         3
 Inner Flame              Hex/Fire       14%        N/A       13%         3
 Lesser Beckoning         Tloc           7%         N/A       13%         3
 Portal Projectile        Hex/Tloc       28%        N/A       13%         3
 Summon Guardian Golem    Hex/Summ       14%        N/A       13%         3
 Teleport Other           Tloc           14%        N/A       13%         3
 Fulminant Prism          Conj/Hex       13%        3d9       14%         4
 Iskenderun's Mystic Bla  Conj/Tloc      26%        2d7       14%         4
 Alistair's Intoxication  Tmut/Pois      9%         N/A       77%         5
 Yara's Violent Unravell  Hex/Tmut       7%         3d5       77%         5


Dungeon Overview and Level Annotations

Branches:
Dungeon (7/15)             Temple (1/1) D:5         Ossuary (visited)

Altars:
Ashenzari
Cheibriados
Dithmenos
Elyvilon
Fedhas
Gozag
Hepliaklqana
Kikubaaqudgha
Makhleb
Qazlal
Ru
Sif Muna
Trog
Uskayaw
Vehumet
Xom
Yredelemnul
Zin
The Shining One

Shops:
D:3 ?   D:4 [


Innate Abilities, Weirdness & Mutations

You are very small and have problems with some larger weapons.
You are too small for most types of armour.
You have supernaturally acute eyesight. (SInv)
You cover ground extremely quickly. (Speed+++)


Message History

The killer bee buzzes angrily.
A killer bee comes into view.
The iguana bites you!
The searing ray hits the iguana!
You kill the iguana!
The killer bee buzzes angrily.
The killer bee is distracted by your dazzling golden aura.
You hear an angry buzzing noise.
The killer bee buzzes angrily.
You hear an angry buzzing noise.
A killer bee comes into view.
As you read the scroll of teleportation, it crumbles to dust.
You feel strangely unstable. The killer bee completely misses you.
The killer bee misses you. The killer bee misses you.
Your surroundings suddenly seem different.
A centaur comes into view.
Found 8 arrows.
The centaur wields a +0 shortbow.
The centaur shoots an arrow.
The arrow hits you!
The centaur shoots an arrow.
The arrow hits you!
* * * LOW HITPOINT WARNING * * *
You aren't carrying any scrolls.
Unknown command.
Unknown command.
Unknown command.
The centaur shoots an arrow.
The arrow closely misses you.
You see here 8 arrows.
The centaur shoots an arrow.
The arrow barely misses you.
An orc comes into view. It is wielding a +0 morningstar.
The orc shouts!
The orc misses you.
The centaur shoots an arrow.
The arrow barely misses you.
The killer bee buzzes angrily.
You hear an angry buzzing noise.
A killer bee comes into view.
The killer bee buzzes angrily.
You hear an angry buzzing noise. x2
A killer bee comes into view.
You aren't carrying any scrolls.
The killer bee closely misses you. The killer bee stings you!
You die...
Your body crumbles into a pile of gold.

##.###
###.....<.##.#..#
...#.# #....####.#
#..#.# #....# #.#
.....###....# #.#
##.yy.......# #.#
##.####.....####.#
y.y.........'..#.#
.....≈......##.#.#
...≈≈≈≈.....## #@#
≈≈.≈≈≈≈≈....##.#y###
≈≈≈≈≈≈≈≈.#####.#...#
≈≈≈≈≈≈≈.## #..y#.#
≈≈≈≈≈≈..# ###y#.#
≈≈≈≈≈...########.# .
≈≈≈≈.......y.y...#
#.
≈≈≈..............#
.#
≈≈..............o# #


You could see 3 killer bees.

Vanquished Creatures
  Pikel (D:4)
  A centaur zombie (D:6)
  Joseph (D:7)
  Sigmund (D:5)
  Duvessa (D:6)
  A sky beast (D:6)
  A necrophage (D:5)
  2 ogres
  2 lemures (D:4)
  Blork the orc (D:5)
  A kobold brigand (D:6)
  A bullfrog (D:6)
  2 scorpions
  3 water moccasin zombies (Ossuary)
  3 wyvern skeletons
  Dowan (D:6)
  A bullfrog zombie (D:6)
  A centaur skeleton (D:4)
  Crazy Yiuf (D:5)
  A gnoll shaman (D:6)
  A jelly (D:6)
  An orc priest (D:6)
  4 iguanas
  2 orc wizards
  2 mummies (Ossuary)
  Robin (D:2)
  8 gnolls
  2 howler monkey skeletons
  5 adders
  2 white imps (D:6)
  An adder skeleton (D:4)
  2 adder zombies (Ossuary)
  A worm (D:2)
  4 dart slugs
  18 orcs
  8 endoplasms
  6 giant cockroaches
  14 goblins
  14 hobgoblins
  4 jackals
  26 kobolds
  7 quokkas
  5 ball pythons
  5 bats
  A frilled lizard (D:1)
  5 gnoll zombies (Ossuary)
  5 hobgoblin zombies (Ossuary)
  5 kobold zombies (Ossuary)
  3 orc zombies (Ossuary)
  7 rats
196 creatures vanquished.

Vanquished Creatures (others)
  A bullfrog (D:7)
  A centaur skeleton (D:7)
  47 plants (D:6)
49 creatures vanquished.

Grand Total: 245 creatures vanquished

Notes
Turn   | Place    | Note
-------+----------+-------------------------------------------
     0 | D:1      | zeram the Spriggan Conjurer began the quest for the Orb.
     0 | D:1      | Reached XP level 1. HP: 9/9 MP: 5/5
   400 | D:1      | Reached XP level 2. HP: 13/13 MP: 4/6
   709 | D:1      | Reached skill level 3 in Spellcasting
   992 | D:1      | Reached XP level 3. HP: 11/16 MP: 3/8
  1173 | D:1      | Found a faded altar of an unknown god.
  1691 | D:1      | Learned a level 2 spell: Searing Ray
  1816 | D:2      | Reached XP level 4. HP: 18/21 MP: 5/10
  2131 | D:2      | Noticed Robin
  2188 | D:2      | Killed Robin
  2656 | D:2      | Reached XP level 5. HP: 24/24 MP: 4/11
  2679 | D:2      | Reached skill level 4 in Spellcasting
  3315 | D:3      | Found Laudumpy's Magic Scroll Shoppe.
  4379 | D:4      | Found Heamn's Armour Emporium.
  4391 | D:4      | Reached XP level 6. HP: 27/28 MP: 3/14
  4489 | D:4      | Bought a +0 cloak for 45 gold pieces
  4562 | D:4      | Learned a level 3 spell: Vampiric Draining
  4569 | D:4      | Learned a level 6 spell: Invisibility
  4780 | D:4      | Found a hide-covered altar of Uskayaw.
  4967 | D:4      | Noticed Pikel
  4977 | D:4      | Killed Pikel
  4978 | D:4      | Reached skill level 7 in Spellcasting
  4978 | D:4      | Reached skill level 5 in Conjurations
  4978 | D:4      | Reached XP level 7. HP: 18/32 MP: 3/18
  5233 | D:4      | Found a bloodstained altar of Trog.
  5354 | D:5      | Entered Level 5 of the Dungeon
  5452 | D:5      | Reached skill level 8 in Spellcasting
  5540 | D:5      | Found a staircase to the Ecumenical Temple.
  5593 | D:5      | Noticed Sigmund
  5597 | D:5      | Reached XP level 8. HP: 12/36 MP: 18/21
  5606 | D:5      | Killed Sigmund
  5607 | D:5      | Reached skill level 5 in Dodging
  5748 | D:5      | Noticed Blork the orc
  5754 | D:5      | Killed Blork the orc
  5755 | D:5      | Reached skill level 9 in Spellcasting
  5831 | D:5      | Got the Volume of Ensnaring Transformation
  5916 | D:5      | Learned a level 4 spell: Cause Fear
  5989 | D:5      | Found a runed translucent door.
  5990 | D:5      | Noticed Crazy Yiuf
  6362 | D:5      | Killed Crazy Yiuf
  6562 | Temple   | Entered the Ecumenical Temple
  6657 | Temple   | Became a worshipper of Gozag Ym Sagoz the Greedy
  6840 | D:6      | Found a sand-covered staircase.
  6844 | Ossuary  | Entered an ossuary
  7189 | Ossuary  | Reached skill level 10 in Spellcasting
  7837 | D:6      | Reached skill level 11 in Spellcasting
  7837 | D:6      | Reached XP level 9. HP: 30/39 MP: 11/25
  8614 | D:6      | Noticed Duvessa
  8614 | D:6      | Noticed Dowan
  8626 | D:6      | Killed Dowan
  8629 | D:6      | Killed Duvessa
  8870 | D:6      | Reached skill level 12 in Spellcasting
  9067 | D:6      | Found a radiant altar of Vehumet.
  9070 | D:6      | Found a snail-covered altar of Cheibriados.
  9095 | D:6      | Found a shimmering blue altar of Sif Muna.
  9271 | D:7      | Noticed Joseph
  9559 | D:7      | Killed Joseph
  9793 | D:7      | HP: 1/39 [centaur/arrow (11)]
  9829 | D:7      | Slain by a killer bee

Illustrated notes

Levels and vault maps discovered:
D:1:      minmay_arrival_stone_box, layout_basic,
          dreamdust_ecumenical_altar_hidden_monk_grotto,
          minmay_worlds_worst_comb
D:2:      layout_basic, uniq_robin
D:3:      cheibrodos_helix_gallery, layout_loops_ring, serial_shops, shop,
          minmay_bisected
D:4:      layout_basic, nicolae_overflow_hidden_temple,
          nicolae_overflow_crystal_walls, serial_shops,
          nicolae_shop_statue_plus, kennysheep_small_circle, uniq_pikel
D:5:      layout_loops_ring, minmay_temple_entry_gardened_gates,
          minmay_parallelograms, roderic_malta_cross, uniq_sigmund,
          uniq_blork_the_orc, uniq_crazy_yiuf_cottage
D:6:      kennysheep_kobold_camp, layout_loops_corners,
          grunt_temple_overflow_diamond, enter_ossuary_5, uniq_duvessa
D:7:      layout_basic, lemuel_old_faithful, uniq_joseph, uniq_maggie
Temple:   jpeg_temple_clearing

Skill      XL: |  1  2  3  4  5  6  7  8  9 |
---------------+----------------------------+-----
Conjurations   | 3 4 5 |  5.3
Spellcasting   | 3 4 7 8 11 12 | 12.5
Dodging        | 3 4 6 7 |  7.8
Short Blades   | |  0.1
Stealth        | |  3.0

Action                   |  1- 3 |  4- 6 |  7- 9 || total
-------------------------+-------+-------+-------++-------
Melee: Unarmed           |    20 |       |       ||    20
       Dagger            |     4 |    28 |     7 ||    39
 Cast: Magic Dart        |    71 |    55 |    47 ||   173
       Searing Ray       |     2 |    30 |    63 ||    95
  Use: Scroll            |     1 |     6 |     9 ||    16
       Potion            |       |       |     1 ||     1
 Stab: Sleeping          |     2 |       |     3 ||     5
Armor: Robe              |     1 |     5 |    17 ||    23
Dodge: Dodged            |    44 |    53 |   103 ||   200
